 Dungeon Crawl Stone Soup version 0.26.1-2-gb8aa6d0cf2 (webtiles) character file.

Game seed: 1095317081758868704

72 Gadfly the Skirmisher (level 4, 0/48 HPs)
             Began as an Ogre Monk on Feb 10, 2021.
             Slain by a gnoll
             ... wielding a +4 spear
              (4 damage)
             ... on level 2 of the Dungeon.
             The game lasted 00:02:06 (1787 turns).

Gadfly the Skirmisher (Ogre Monk)                   Turns: 1787, Time: 00:02:07

Health: 0/48       AC:  3    Str: 16    XL:     4   Next: 25%
Magic:  5/5        EV: 10    Int: 11    God:
Gold:   105        SH:  0    Dex: 11    Spells: 3/3 levels left

rFire    . . .     SeeInvis +   a - +0 mace
rCold    . . .     Faith    .   (no shield)
rNeg     . . .     Spirit   .   b - +0 robe
rPois    .         Reflect  .   (helmet restricted)
rElec    .         Harm     .   (no cloak)
rCorr    .         Rampage  .   (gloves unavailable)
Will     .....                  (boots unavailable)
Stlth    ++........             (no amulet)
HPRegen  0.16/turn              j - ring of see invisible
MPRegen  0.09/turn              (no ring)

@: no status effects
A: large, unfitting armour, tough skin 1
a: no special abilities


You were on level 2 of the Dungeon.
You visited 1 branch of the dungeon, and saw 2 of its levels.

You collected 105 gold pieces.

Inventory:

Hand Weapons
 a - a +0 mace (weapon)
Missiles
 e - 4 stones (quivered)
Armour
 b - a +0 robe (worn)
Jewellery
 j - a ring of see invisible (left hand)
Potions
 d - a potion of resistance {unknown}
 h - 2 potions of curing
 k - a potion of cancellation


   Skills:
 - Level 4.0 Fighting
 - Level 0.3(1.9) Axes
 + Level 2.8 Maces & Flails
 * Level 1.5 Throwing
 * Level 1.2 Armour
 - Level 2.6 Dodging
 - Level 1.4 Stealth
 * Level 1.8 Invocations
 * Level 1.1 Evocations


You had 3 spell levels left.
You didn't know any spells.
Your spell library was empty.

Dungeon Overview and Level Annotations

Branches:
Dungeon (2/15)

Altars:


Innate Abilities, Weirdness & Mutations

You are too large for most types of armour.
You have tough skin. (AC +1)


Message History

The gnoll closely misses you.
You feel much better. The quokka bites you. The gnoll hits you with a +4 spear!
You sock the gnoll!
The gnoll is almost dead.
The quokka barely misses you. The gnoll hits you with a +4 spear.
You hit the gnoll.
The gnoll is almost dead.
The quokka barely misses you. The gnoll hits you with a +4 spear.
The quokka closely misses you.
You closely miss the gnoll.
The gnoll is almost dead.
The gnoll hits you with a +4 spear!
* * * LOW HITPOINT WARNING * * *
The quokka misses you.
You hit the gnoll but do no damage.
The gnoll is almost dead.
The quokka bites you.
* * * LOW HITPOINT WARNING * * *
The gnoll hits you with a +4 spear.
You die...

.... .>. ..... ..# #
.#... ..##. ....#####
r... #......###..#
##.......#...# .
##.........r#.##....
........<...@g..?....
...........##.#...!..
##.........#..#......
#......รท.(#.##.....
#...........##..... .
................###...
...........#.#........
.#.........#....###
.............#.#


You could see a gnoll and a quokka.

Vanquished Creatures
  Natasha (D:2)
  2 gnolls (D:1)
  An adder (D:2)
  A leopard gecko (D:1)
  4 hobgoblins (D:1)
  3 jackals (D:1)
  2 kobolds (D:1)
  A quokka (D:1)
  A bat (D:1)
  A frilled lizard (D:2)
  A rat (D:2)
18 creatures vanquished.

Notes
Turn   | Place    | Note
-------+----------+-------------------------------------------
     0 | D:1      | Gadfly the Ogre Monk began the quest for the Orb.
     0 | D:1      | Reached XP level 1. HP: 24/24 MP: 1/1
   535 | D:1      | Reached XP level 2. HP: 19/32 MP: 2/2
  1127 | D:2      | Noticed Natasha
  1136 | D:2      | Killed Natasha
  1137 | D:2      | Reached skill level 1 in Throwing
  1137 | D:2      | Reached skill level 1 in Invocations
  1137 | D:2      | Reached XP level 3. HP: 35/39 MP: 2/4
  1153 | D:2      | Reached skill level 1 in Armour
  1153 | D:2      | Reached skill level 1 in Evocations
  1295 | D:1      | Reached XP level 4. HP: 20/48 MP: 5/5
  1787 | D:2      | Slain by a gnoll

Illustrated notes

Levels and vault maps discovered:
D:1:      dpeg_arrival_orchard, layout_loops_ring
D:2:      layout_rooms, chequers_ecumenical_altar_simple_redux,
          roderic_lattice_a, columned_hall_lemuel, hex_medium, uniq_natasha,
          uniq_jessica

Skill      XL: |  1  2  3 |
---------------+----------+-----
Throwing       | 1 |  1.5
Invocations    | 1 |  1.8
Armour         | 1 |  1.2
Evocations     | 1 |  1.1
Fighting       | |  4.0
Axes           | |  0.3
Maces & Flails | |  2.8
Dodging        | |  2.6
Stealth        | |  1.4

Action                   |  1- 3 |  4- 6 || total
-------------------------+-------+-------++-------
Melee: Mace              |    74 |    24 ||    98
  Use: Scroll            |     4 |       ||     4
       Potion            |     4 |     1 ||     5
Armor: Robe              |    30 |     3 ||    33
Dodge: Dodged            |    67 |    24 ||    91
